[Event "ONJK DE"]
[Site "Enschede, Netherlands"]
[Date "2022.08.12"]
[Round "10.6"]
[White "Katpatal, Akshaj (E)"]
[Black "Brorens, Victor (E)"]
[Result "1-0"]
[TimeControl "40min + 30sec/move"]
[WhiteElo "1874"]
[BlackElo "952"]

1. e4 e5 2. Nf3 Nc6 3. Nc3 Bc5 4. Bc4 Nf6 5. d3 d6 6. Bg5 h6 7. Bxf6 Qxf6 8. Nd5 Qd8 9. h3 a6 10.
O-O b5 11. Bb3 Ne7 12. c3 c6 13. Nxe7 Qxe7 14. d4 exd4 15. cxd4 Bb6 16. Re1 O-O 17. Rc1 Bb7 18. d5 c5 19.
e5 dxe5 20. d6 Qd8 21. Nxe5 c4 22. Bc2 f6 23. Ng6 Re8 24. Ne7+ Kf8 25. Bg6 Bc5 26. Bxe8 Qxe8 27. Qg4 Qf7 28.
Qd7 1-0

[Event "ONJK DE"]
[Site "Enschede, Netherlands"]
[Date "2022.08.12"]
[Round "10.7"]
[White "Rudolph, Simon"]
[Black "Thijssen, Freek (E)"]
[Result "1/2-1/2"]
[TimeControl "40min + 30sec/move"]
[WhiteElo "996"]
[BlackElo "1484"]

1. c4 e5 2. Nf3 Nc6 3. d4 exd4 4.
Nxd4 Nxd4 5. Qxd4 h6 6. h3 Nf6 7. Nc3 b6 8. Ne4 Bb7 9. Nxf6+ Qxf6 10. Qxf6 gxf6 11. Bf4 Bb4+ 12. Bd2 Bxd2+ 13. Kxd2 Rg8 14. f3 f5 15. Rg1 f4 16. Re1 O-O-O 17. e4 fxe3+ 18. Rxe3 Rge8 19. Bd3 Rxe3 20. Kxe3 d5 21. Bf5+ Kb8 22.
Rc1 Bc8 23. Bxc8 Kxc8 24. cxd5 Rxd5 25. Ke4 1/2-1/2

[Event "ONJK DE"]
[Site "Enschede, Netherlands"]
[Date "2022.08.12"]
[Round "10.8"]
[White "Koppenens, Oscar"]
[Black "Tetova, Amir"]
[Result "1/2-1/2"]
[TimeControl "40min + 30sec/move"]
[WhiteElo "1266"]
[BlackElo "1154"]

1. e4 c5 2. c3 d5 3. exd5 Qxd5 4. Nf3 Bg4 5. Be2 Nc6 6. d4 cxd4 7. cxd4 Nxd4 8. Qa4+ Qc6 9. Qxc6+ Nxc6 10.
Nc3 Bxf3 11. Bxf3 e5 12. Bxc6+ bxc6 13. O-O Bd6 14. Be3 Nf6 15. Rfd1 Bc7 16. Rac1 Bb6 17. Bg5 Ng4 18. Ne4 O-O 19. h3 f5 20. Nc5 Nf6 21. Bxf6 Rxf6 22.
Rd7 Rd8 23. b4 Rd6 24. Rxd8+ Rxd8 25. Nb7 Rd7 26. Nc5 Rd5 27. Nb3 Rd6 28. Kf1 Kf7 29. Ke2 Ke6 30. Nc5+ Bxc5 31. Rxc5 f4 32. Kf3 Rd3+ 33. Ke2 Ra3 34. Rxc6+ Kd7 35. Rc2 Ra4 36. Rb2 Kc6 37. Kd3 Kd5 38.
f3 g5 39. b5 1/2-1/2

[Event "ONJK DE"]
[Site "Enschede, Netherlands"]
[Date "2022.08.12"]
[Round "11.1"]
[White "Groenewoud, Joel"]
[Black "Rooijakkers, Liam"]
[Result "1-0"]
[TimeControl "40min + 30sec/move"]
[WhiteElo "1497"]
[BlackElo "1266"]

1. e4 e5 2. Nf3 Nf6 3. Nxe5 Nc6 4.
Nxc6 dxc6 5. d3 Bc5 6. Be2 h5 7. c3 Bd6 8. Nd2 c5 9. Nf3 Ng4 10. d4 cxd4 11. cxd4 Bb4+ 12. Bd2 Qe7 13.
Bxb4 Qxb4+ 14. Qd2 Qxd2+ 15. Nxd2 Bd7 16. h3 Nf6 17. O-O O-O-O 18. e5 Nd5 19. Bc4 Bc6 20. Bxd5 Rxd5 21. Nf3 Rd7 22. Ng5 f6 23. Nf3 Bxf3 24.
gxf3 Rxd4 25. exf6 gxf6 26. Rad1 Rg8+ 27. Kh2 Rgd8 28. Rxd4 Rxd4 29. Kg3 Rd2 30. Kh4 Rd5 31. Rg1 Rd8 32.
Rg6 Rd2 33. Rxf6 Rxb2 34. Kxh5 Rxa2 35. h4 a5 36. Kg6 Rxf2 37. h5 a4 38. h6 Rg2+ 39. Kf5 Rg8 40. Rg6 Rh8 41. Ke6 a3 42.
h7 Re8+ 43. Kf7 a2 44. Kxe8 a1=Q 45. Rg8 Qf6 46. h8=Q Qe6 47. Kf8 Qd7 48. Qg7 Qe6 49. Qe7 Qxe7 50. Kxe7# 1-0

[Event "ONJK DE"]
[Site "Enschede, Netherlands"]
[Date "2022.08.12"]
[Round "11.2"]
[White "Gang, Kevin Wan Ze"]
[Black "Terlouw, Wouter"]
[Result "0-1"]
[TimeControl "40min + 30sec/move"]
[WhiteElo "1105"]
[BlackElo "1720"]

1. e4 c5 2. d4 cxd4 3. c3 dxc3 4. Nxc3 Nc6 5. Nf3 e6 6. Bc4 a6 7. a3 Nge7 8. Bf4 Ng6 9. Bg3 b5 10.
Bb3 Be7 11. O-O O-O 12. Bd6 Bb7 13. Qd2 Bxd6 14. Qxd6 Na5 15. Ba2 Bc6 16. Rad1 Nb7 17. Qd3 Qe7 18. Rfe1 d6 19. e5 dxe5 20.
Nxe5 Nxe5 21. Rxe5 Rad8 22. Qe2 Rxd1+ 23. Qxd1 Rd8 24. Qc2 Qd6 25. Re3 Nc5 26. Bb1 g6 27. h3 Qd2 28. Re2 Qxc2 29.
Rxc2 Ne4 30. Nxe4 Bxe4 31. Rc1 Bxb1 32. Rxb1 Rd2 33. Kf1 Kg7 34. Ke1 Rc2 35. g3 Kf6 36. f3 Rh2 37. h4 Rh1+ 0-1

[Event "ONJK DE"]
[Site "Enschede, Netherlands"]
[Date "2022.08.12"]
[Round "11.3"]
[White "Declerck, Adriaan"]
[Black "Decraene, Lotus"]
[Result "0-1"]
[TimeControl "40min + 30sec/move"]
[WhiteElo "1371"]
[BlackElo "1332"]

1. e4 c5 2. Nc3 d6 3. f4 Nf6 4. Nf3 a6 5. a4 e6 6. g3 Be7 7. Bg2 O-O 8. h3 Nc6 9. d3 Bd7 10.
O-O Rb8 11. g4 b5 12. axb5 axb5 13. Ne2 Qc7 14. c3 b4 15. Qe1 Qb6 16. Kh1 Ra8 17. Rxa8 Rxa8 18. Qg3 Ra1 19. f5 e5 20.
g5 Nh5 21. Qh4 g6 22. fxg6 hxg6 23. Ng3 Ng7 24. Nd2 Qd8 25. Nc4 Rxc1 26. Rxc1 Bxg5 27. Nf5 Bxh4 28. Nh6+ Kf8 29. Rf1 Be6 30.
Ng4 Bxg4 0-1

[Event "ONJK DE"]
[Site "Enschede, Netherlands"]
[Date "2022.08.12"]
[Round "11.4"]
[White "Frederiks, Jesse"]
[Black "Dijkhuijsen, Thomas"]
[Result "1-0"]
[TimeControl "40min + 30sec/move"]
[WhiteElo "1302"]
[BlackElo "1306"]

1. d4 Nf6 2. c4 g6 3. Nc3 d5 4. Bf4 Bg7 5. e3 O-O 6. Nf3 Bf5 7. Be2 Nc6 8. O-O Re8 9. h3 Qd7 10.
Bh2 a5 11. Rc1 dxc4 12. Bxc4 Ne4 13. Bd3 Nxc3 14. Rxc3 Bxd3 15. Qxd3 Nb4 16. Qd2 Nd5 17. Rc2 c6 18. a3 Nf6 19.
Rfc1 Ne4 20. Qd3 Qd5 21. Nd2 Nxd2 22. Qxd2 Red8 23. Rc5 Qe6 24. Rxa5 Qa2 25. Rxa8 Rxa8 26. Qc2 Ra5 27. Qc3 Rb5 28.
b4 Rg5 29. Bg3 Qe6 30. Qc4 Qd7 31. a4 Qd8 32. a5 Rb5 33. Qc3 Qa8 34. Bc7 Qc8 35. Bb6 Qa8 36. Qd2 Bh6 37. Rc5 Rxc5 38.
dxc5 Bg7 39. Kf1 Kf8 40. Ke1 Ke8 41. Kd1 Qc8 42. Kc2 Qd7 43. Qxd7+ Kxd7 44. Kb3 Be5 45. f4 Bb8 46. Ka4 e5 47. g3 h5 48. h4 exf4 49. exf4 Ke6 50.
a6 bxa6 51. Ka5 Kf5 52. Kxa6 Kg4 53. Kb7 Kxg3 54. Kxb8 Kxh4 55. Kb7 Kg3 56. Bd8 Kxf4 57. Kxc6 g5 58. Kd5 h4 59. c6 h3 60.
Bc7+ Kf3 61. Bh2 g4 62. c7 g3 63. c8=Q f5 64. Qc3+ Ke2 65. Qxg3 Kf1 66. Qxh3+ Ke2 67. Qxf5 Ke3 68. Qf4+ Ke2 69. Qg3 Kf1 70.
Ke4 Ke2 71. Qe3+ Kf1 72. Qf3+ Ke1 73. Qg2 Kd1 74. Kd3 Ke1 75. Bg3+ Kd1 76. Qg1# 1-0

[Event "ONJK DE"]
[Site "Enschede, Netherlands"]
[Date "2022.08.12"]
[Round "11.5"]
[White "Okita, Shinsaku"]
[Black "Vogels, Mathijs"]
[Result "1/2-1/2"]
[TimeControl "40min + 30sec/move"]
[WhiteElo "938"]
[BlackElo "1283"]

1. e4 e5 2. Nf3 Nc6 3. Bc4 Bc5 4. d3 d6 5. h3 h6 6. O-O Nf6 7. Nc3 Be6 8. Bb3 O-O 9. Be3 Bb6 10.
Qd2 Kh7 11. Rfe1 Qd7 12. Kh2 Rfe8 13. Na4 Ba5 14. Nc3 Bb6 15. Bxe6 fxe6 16. Na4 Ba5 17. Nc3 d5 18. Bc5 d4 19.
b4 dxc3 20. Qxc3 Bb6 21. Bxb6 axb6 22. Nxe5 Nxe5 23. Qxe5 Qd6 24. Qxd6 cxd6 25. c4 Ra3 26. Re3 Rea8 27. e5 dxe5 28.
Rxe5 Rxd3 29. Rxe6 Rd4 30. Rxb6 Rxc4 31. Rxb7 Nd5 32. b5 Rb4 33. a3 Rb3 34. a4 Nc3 35. Re1 Nxa4 36. Ree7 Rg8 37.
Ra7 Nc3 38. Re3 Nxb5 39. Rxb3 Nxa7 40. g4 Nc6 41. f4 Nd4 42. Rd3 Ne2 43. f5 Rf8 44. Re3 Nd4 45. Kg3 h5 46. Re4 Rd8 47.
Kf4 hxg4 48. hxg4 Nc6 49. Kg5 Rf8 50. Kh5 Nd8 51. Kg5 Rf6 52. Kf4 Ra6 53. Re3 Ra4+ 54. Re4 Ra6 55. Re3 Nf7 56. Re4 Ra1 57. Re3 Rf1+ 58. Rf3 Rh1 59. Rg3 Nh6 60.
Kg5 Nf7+ 61. Kf4 Rb1 62. Re3 Rb6 63. Re4 Nd6 64. Re3 Rb4+ 65. Kg5 Ne4+ 66. Kh4 Nd6 67. Kh3 Ne4 68. Kh4 Nf6 69.
Rg3 Rb1 70. g5 Ne4 71. g6+ Kg8 72. Ra3 1/2-1/2

[Event "ONJK DE"]
[Site "Enschede, Netherlands"]
[Date "2022.08.12"]
[Round "11.6"]
[White "Uitermark, Imre"]
[Black "Katpatal, Akshaj (E)"]
[Result "0-1"]
[TimeControl "40min + 30sec/move"]
[WhiteElo "1028"]
[BlackElo "1874"]

1. e4 e5 2. Nf3 Nc6 3. Nc3 Nf6 4.
d3 Bc5 5. Bg5 h6 6. Bxf6 Qxf6 7. Nd5 Qd8 8. Be2 d6 9. O-O Be6 10. Nc3 O-O 11. a3 Re8 12. Na4 Bb6 13. Nxb6 axb6 14. c3 d5 15. Qc2 Qe7 16.
Rfd1 Na5 17. exd5 Bxd5 18. c4 Bxf3 19. Bxf3 Nc6 20. Bxc6 bxc6 21. Qe2 Rad8 22. Qe4 Qe6 23. Rd2 f5 24.
Qe2 c5 25. Re1 Qd6 26. Red1 Re7 27.
Rc1 e4 28. Qd1 exd3 29. Rc3 Red7 30. g3 Qd4 31. Qf3 Qe4 32. Qxe4 fxe4 33. Kg2 Rd4 34. Rc1 Kf7 35. g4 Kf6 36.
Kg3 g5 37. b3 Ke5 38. Re1 Rf8 39. Re3 Rf4 40. h3 Rd8 41. Re1 Kd4 42. Rb2 Kc3 43. Rbb1 d2 44. Red1 Rf3 45. Kg2 Rdf8 46.
Rf1 e3 0-1

[Event "ONJK DE"]
[Site "Enschede, Netherlands"]
[Date "2022.08.12"]
[Round "11.7"]
[White "Van Borren, Ruben"]
[Black "Thijssen, Freek (E)"]
[Result "0-1"]
[TimeControl "40min + 30sec/move"]
[WhiteElo "629"]
[BlackElo "1484"]

1. e4 e5 2. Nf3 Nc6 3. d4 exd4 4.
Nxd4 Bc5 5. Be3 Qf6 6. c3 Nge7 7. Bc4 O-O 8. O-O Bb6 9. Qd3 d6 10. Nd2 Qg6 11. Rfe1 Ne5 12. Rad1 Nxd3 13.
Bxd3 f5 14. Bc4+ Kh8 15. Bf4 fxe4 16. Nxe4 Rxf4 17. f3 Rxf3 18. Kh1 Rf8 19. Rf1 Bd7 20. Rf2 Qxe4 21. Rdf1 Rxf2 22. Rxf2 Bxd4 23.
Re2 Qb1+ 24. Re1 Qxe1+ 25. Bf1 Qxf1# 0-1

[Event "ONJK DE"]
[Site "Enschede, Netherlands"]
[Date "2022.08.12"]
[Round "11.8"]
[White "Brorens, Victor (E)"]
[Black "Leenen, Boyd (E)"]
[Result "0-1"]
[TimeControl "40min + 30sec/move"]
[WhiteElo "952"]
[BlackElo "1417"]

1. e4 e5 2. Nf3 Nc6 3. Nc3 Nf6 4. Bc4 Bc5 5. d3 h6 6. O-O d6 7. h3 Be6 8. Bb3 O-O 9. Nd5 Bxd5 10.
exd5 Ne7 11. c4 c6 12. dxc6 Nxc6 13. Re1 Re8 14. Be3 Bb6 15. d4 Bc7 16. d5 Ne7 17. c5 Ng6 18. cxd6 Qxd6 19.
Qd2 a6 20. Rac1 Rad8 21. Red1 Bb6 22. Bxb6 Qxb6 23. Rc3 Ne4 24. Qe3 Qxe3 25. Rxe3 Nc5 26. Rde1 Nxb3 27. Rxb3 Re7 28. Rd3 f6 29. Nd2 Red7 30. Rb3 Rxd5 31.
Nf3 b5 32. Ra3 R8d6 33. Rc1 Rd1+ 34.
Rxd1 Rxd1+ 35. Kh2 Rd6 36. Ne1 Nf4 37. Nc2 Nd5 38. Rd3 Rc6 39. Ne1 Nb4 40. Rd8+ Kh7 41. a3 Nc2 42. Nxc2 Rxc2 43.
Rd6 Rxb2 44. Rxa6 Rxf2 45. Rb6 Ra2 46. Ra6 b4 47. a4 b3 48. Rb6 Rxa4 49. Rxb3 Kg6 50. Kg3 h5 51. Kf3 Kh6 52. g4 hxg4+ 53. hxg4 Kg5 54.
Rb7 g6 55. Rg7 Rxg4 56. Rxg6+ Kxg6 57. Kxg4 f5+ 58. Kf3 Kg5 59. Kg3 e4 60. Kf2 f4 61.
Kg2 Kg4 62. Kf2 e3+ 63. Ke2 Kg3 64. Kf1 f3 65. Ke1 e2 66. Kd2 Kf2 67. Kd3 e1=Q 68.
Kd4 Kg3 69. Kc4 f2 70. Kd4 f1=Q 71. Ke4 Qf3+ 72. Kd4 Qec3# 0-1

[Event "ONJK DE"]
[Site "Enschede, Netherlands"]
[Date "2022.08.13"]
[Round "12.1"]
[White "Groenewoud, Joel"]
[Black "De Wit, Evan"]
[Result "1-0"]
[TimeControl "40min + 30sec/move"]
[WhiteElo "1497"]
[BlackElo "1001"]

1. e4 c5 2. Nf3 d6 3. d4 cxd4 4.
Nxd4 Nf6 5. Nc3 a6 6. f3 e6 7. Be3 b5 8. g4 Bb7 9. Qd2 Nc6 10. g5 Nxd4 11. Qxd4 Nd7 12. h4 Ne5 13.
Be2 Rc8 14. a4 Nc6 15. Qd2 b4 16. Na2 d5 17. exd5 exd5 18. Rd1 Bd6 19. Bf4 d4 20. Nc1 O-O 21. Nb3 Qe7 22. Kf2 Bc5 23.
Kg2 Ba7 24. Rhe1 Qd7 25. Bd3 f5 26. Bc4+ Kh8 27. Be6 Qd8 28. Bxc8 Qxc8 29. Bd6 Rg8 30. Bc5 Bxc5 31. Nxc5 Ba8 32.
Ne6 Na5 33. Qxd4 Qxc2+ 34. Rd2 Qc6 35. Rf2 Qxa4 36. Nxg7 1-0

[Event "ONJK DE"]
[Site "Enschede, Netherlands"]
[Date "2022.08.13"]
[Round "12.2"]
[White "Terlouw, Wouter"]
[Black "Decraene, Lotus"]
[Result "1/2-1/2"]
[TimeControl "40min + 30sec/move"]
[WhiteElo "1720"]
[BlackElo "1332"]

1. d4 d5 2. c4 e6 3. Nc3 Nf6 4. cxd5 exd5 5. Bg5 Be7 6. e3 O-O 7. Bd3 Nbd7 8. Nf3 c6 9. O-O Re8 10.
Rb1 a5 11. a3 Nf8 12. b4 Ne4 13. Bxe7 Qxe7 14. Qc2 f5 15. Na4 axb4 16. axb4 Rxa4 17. Qxa4 Nc3 18. Qc2 Nxb1 19. Rxb1 g6 20.
Qc5 Qxc5 21. bxc5 Nd7 22. Kf1 Nf6 23. Ne5 Ne4 24. Bxe4 fxe4 25. Ke1 Kg7 26. Ra1 Kf6 27. h3 Ke7 28.
Ra7 Kd8 29. Nf7+ Kc7 30. Ng5 Re7 31. h4 h6 32. Nh3 Bxh3 33. gxh3 Kb8 34. Ra2 Rf7 35. Kf1 Rf3 36. Kg2 h5 37.
Ra1 Rf6 38. Ra2 Rf3 39. Ra1 1/2-1/2

[Event "ONJK DE"]
[Site "Enschede, Netherlands"]
[Date "2022.08.13"]
[Round "12.3"]
[White "Frederiks, Jesse"]
[Black "Van Haaften, Jelle"]
[Result "1-0"]
[TimeControl "40min + 30sec/move"]
[WhiteElo "1302"]
[BlackElo "992"]

1. d4 e6 2. c4 c5 3. Nf3 Nf6 4. Bg5 h6 5. Bh4 g5 6. Bg3 cxd4 7. Nxd4 Nc6 8. e3 Bb4+ 9. Nc3 e5 10.
Nxc6 Bxc3+ 11. bxc3 bxc6 12. Bxe5 Qe7 13. Qd4 c5 14. Bxf6 cxd4 15. Bxe7 Kxe7 16. cxd4 Ba6 17. Be2 Rac8 18.
c5 Bxe2 19. Kxe2 d6 20. cxd6+ Kxd6 21. Rhc1 Rhe8 22. Kd2 Rb8 23. Rab1 f5 24. Rb3 Rxb3 25. axb3 Rb8 26. Rc3 Rb6 27.
Kd3 Ra6 28. Rc5 f4 29. exf4 gxf4 30. Rf5 Rb6 31. Rf6+ Kc7 32. Rxb6 Kxb6 33. Kc4 Kc6 34. d5+ Kd6 35. Kd4 a5 36.
h4 h5 37. f3 1-0

[Event "ONJK DE"]
[Site "Enschede, Netherlands"]
[Date "2022.08.13"]
[Round "12.4"]
[White "Dijkhuijsen, Thomas"]
[Black "Declerck, Adriaan"]
[Result "1-0"]
[TimeControl "40min + 30sec/move"]
[WhiteElo "1306"]
[BlackElo "1371"]

1. e4 c5 2. Nf3 Nc6 3. d4 cxd4 4.
Nxd4 Nf6 5. Nxc6 bxc6 6. e5 Nd5 7. c4 Nb6 8. Nc3 d6 9. Bf4 d5 10. cxd5 Nxd5 11. Nxd5 Qxd5 12. Qxd5 cxd5 13.
Bb5+ Bd7 14. Bxd7+ Kxd7 15. O-O e6 16. Be3 a6 17. f4 Be7 18. Rac1 Rhc8 19. Rfd1 Rab8 20. Bd4 Rb4 21. Rxc8 Kxc8 22.
Kf2 Rxd4 23. Rxd4 Bc5 24. Ke3 Kc7 25. Kd3 Bxd4 26. Kxd4 Kc6 27. a4 a5 28. g4 f6 29. h4 fxe5+ 30. Kxe5 Kc5 31. h5 d4 32. h6 g6 33. Ke4 Kc4 34. g5 d3 35. Ke3 d2 36. Kxd2 Kd4 37. Kc2 Kc4 38. b3+ Kc5 39.
Kc3 Kd5 40. b4 axb4+ 41. Kxb4 Kc6 42. a5 1-0

[Event "ONJK DE"]
[Site "Enschede, Netherlands"]
[Date "2022.08.13"]
[Round "12.5"]
[White "Gang, Kevin Wan Ze"]
[Black "Klein Tuente, Sam"]
[Result "0-1"]
[TimeControl "40min + 30sec/move"]
[WhiteElo "1105"]
[BlackElo "1383"]

1. e4 e6 2. d4 d5 3. e5 c5 4.
Nf3 Nc6 5. Be3 cxd4 6. Bxd4 Bd7 7. Bd3 Nxd4 8. Nxd4 Qg5 9. Nf3 Qxg2 10. Rg1 Qh3 11. Rg3 Qh5 12. Rg5 Qh6 13. Rg4 Be7 14.
Ke2 g6 15. Qd2 Qxd2+ 16. Kxd2 Nh6 17. Rg1 Rc8 18. Ke2 Bc6 19. Nc3 Kd7 20. Bb5 Bxb5+ 21. Nxb5 Rxc2+ 22. Ke3 Nf5+ 23. Kd3 Rxb2 24.
Rgb1 Rxf2 25. Ne1 a6 26. Na7 Rb8 27. Rb3 Rxh2 28. Rc1 Rh3+ 0-1

[Event "ONJK DE"]
[Site "Enschede, Netherlands"]
[Date "2022.08.13"]
[Round "12.6"]
[White "Katpatal, Akshaj (E)"]
[Black "Meert, Senne (E)"]
[Result "1-0"]
[TimeControl "40min + 30sec/move"]
[WhiteElo "1874"]
[BlackElo "100"]

1. e4 e6 2. d4 d5 3. Nc3 c5 4. exd5 exd5 5. dxc5 Bxc5 6. Qxd5 Qe7+ 7. Qe4 Be6 8. Bb5+ Nd7 9. Be3 Bxe3 10. Qxe3 Ngf6 11. Nf3 O-O 12. O-O Ng4 13. Qf4 a6 14. Bxd7 Bxd7 15. Rfe1 Qc5 16. Qg3 Rfe8 17. h3 Nf6 18.
Rad1 Nh5 19. Qg5 Qxg5 20. Nxg5 Bc6 21. Nge4 Re6 22. Rd6 Rxd6 23.
Nxd6 Nf4 24. f3 Rd8 25. Nde4 Re8 26. Rd1 f5 27. Nc5 Ne2+ 28. Kf2 Nxc3 29. bxc3 Re5 30. Nd3 Rd5 31. Re1 g5 32.
Re2 Bb5 33. Ke3 Rd8 34. Kd2 f4 35. Re5 h6 36. Re6 Kg7 37.
Re7+ Kf6 38. Rxb7 Kf5 39. Rf7+ Kg6 40. Rc7 Rd4 41. cxd4 Kf6 42. d5 h5 43. c4 Be8 44. Ra7 h4 45.
c5 Bb5 46. c6 Kf5 47. c7 Bd7 48. Nc5 Bc8 49. d6 Be6 50. Nxe6 Kxe6 51. c8=Q+ Kxd6 52.
Rd7+ Ke5 53. Qe8+ Kf5 54. Rf7+ Kg6 55. Rxf4+ Kg7 56. Rf7+ Kg6 57. Qg8+ Kh5 58. Rh7# 1-0

[Event "ONJK DE"]
[Site "Enschede, Netherlands"]
[Date "2022.08.13"]
[Round "12.7"]
[White "Thijssen, Freek (E)"]
[Black "Uitermark, Imre (E)"]
[Result "1/2-1/2"]
[TimeControl "40min + 30sec/move"]
[WhiteElo "1484"]
[BlackElo "1028"]

1. e4 e5 2. Nf3 Nc6 3. Bc4 Nf6 4. d3 d6 5. h3 h6 6. Nc3 Bd7 7. Be3 Na5 8. Bb3 Be7 9. Qd2 Nxb3 10.
axb3 O-O 11. O-O a6 12. Ne2 Re8 13. Ng3 Kh7 14. d4 exd4 15. Nxd4 d5 16. exd5 Nxd5 17. Ndf5 Nxe3 18. Nxe3 Bb5 19.
Rfd1 Qxd2 20. Rxd2 Rad8 21. Rad1 Rxd2 22. Rxd2 Rd8 1/2-1/2

[Event "ONJK DE"]
[Site "Enschede, Netherlands"]
[Date "2022.08.13"]
[Round "12.8"]
[White "Brorens, Victor (E)"]
[Black "Koppenens, Oscar (E)"]
[Result "0-1"]
[TimeControl "40min + 30sec/move"]
[WhiteElo "952"]
[BlackElo "1266"]

1. d4 e6 2. c4 Nf6 3. Nc3 d5 4.
Bg5 Bb4 5. Qb3 Bxc3+ 6. Qxc3 h6 7. Bh4 Nc6 8. Nf3 g5 9. Bg3 Ne4 10. Qe3 Qe7 11. cxd5 exd5 12. a3 Be6 13. Ne5 Nxe5 14. Bxe5 f6 15. Bg3 O-O-O 16. Rc1 Nxg3 17.
Qxg3 Qd6 18. Qxd6 Rxd6 19. e3 Re8 20. Bd3 f5 21. h4 f4 22. hxg5 hxg5 23. Kd2 Rf8 24. Rh6 Rb6 25. Rc2 fxe3+ 26. fxe3 Rf2+ 27. Kc1 Rxc2+ 28. Kxc2 Rc6+ 29. Kd2 Kd8 30. Bb5 Rb6 31. Rh8+ Ke7 32. Re8+ Kd6 33. Bf1 Rxb2+ 34. Kc3 Rf2 35.
Bd3 Rxg2 36. e4 dxe4 37. Bxe4 Rg3+ 38. Kb4 Rg1 39. Ra8 a6 40. Ra7 Bd5 41. Bc2 g4 42. Ra8 g3 43. Rd8+ Kc6 44.
Bf5 g2 45. Bh3 Rb1+ 0-1

[Event "ONJK DE"]
[Site "Enschede, Netherlands"]
[Date "2022.08.13"]
[Round "13.1"]
[White "Dijkhuijsen, Thomas"]
[Black "Groenewoud, Joel"]
[Result "0-1"]
[TimeControl "40min + 30sec/move"]
[WhiteElo "1306"]
[BlackElo "1497"]

1. e4 c6 2. d4 d5 3. Nc3 dxe4 4. Nxe4 Nf6 5. Nxf6+ exf6 6. Nf3 Bd6 7. Bd3 O-O 8. O-O Re8 9.
Re1 Nd7 10. c4 Nf8 11. Be3 Bg4 12. h3 Bh5 13. Be2 Bc7 14. Nd2 Bg6 15. Nb3 Qd6 16. Bf3 Ne6 17. g3 Rad8 18. Rc1 f5 19.
d5 f4 20. dxe6 fxe3 21. Qxd6 exf2+ 22. Kxf2 Bxd6 23. exf7+ Kxf7 24. Na5 Bc5+ 25. Kf1 Rxe1+ 26. Rxe1 Bb4 27. Nxb7 Rb8 28. Bxc6 Bxe1 29.
Kxe1 Ke6 30. Bd5+ Kd7 31. Nc5+ Kd6 32. Nb7+ Kc7 33. Kd2 Rxb7 34. Bxb7 Kxb7 35. Kc3 Bf5 36. h4 Be6 37. Kd4 Kc6 38.
b4 Kb6 39. a3 a6 40. a4 Bd7 41. a5+ Kc6 42. Kc3 Bg4 43. Kd4 Be2 44. Kc3 Kd7 45. Kd4 Kd6 46. b5 axb5 47. cxb5 Bxb5 48.
Ke4 Ke6 49. Kf4 Kf6 50. h5 h6 51. Kg4 Ke5 52. Kh3 Kf5 53. g4+ Kf4 54. Kh4 Bf1 55. a6 Bxa6 56. g5 hxg5 57. Kh3 Kf3 58.
Kh2 g4 59. Kg1 g3 60. h6 gxh6 61. Kh1 g2+ 62. Kg1 Bf1 63. Kh2 Kf2 64. Kh3 g1=Q+ 65. Kh4 Qg5# 0-1

[Event "ONJK DE"]
[Site "Enschede, Netherlands"]
[Date "2022.08.13"]
[Round "13.2"]
[White "Klein Tuente, Sam"]
[Black "Terlouw, Wouter"]
[Result "0-1"]
[TimeControl "40min + 30sec/move"]
[WhiteElo "1383"]
[BlackElo "1720"]

1. Nf3 c5 2. c3 Nf6 3. d4 e6 4. g3 Nc6 5. Bg2 d5 6. O-O Bd6 7. Re1 O-O 8. e3 e5 9. dxe5 Nxe5 10.
Nbd2 Bg4 11. Qc2 Qd7 12. Nxe5 Bxe5 13. e4 dxe4 14. Nxe4 Bf5 15. Be3 b6 16. Rad1 Qe6 17. f4 Bc7 18.
Nxf6+ Qxf6 19. Qa4 Rad8 20. Qxa7 Bb8 21. Qb7 h6 22. Rd5 Rxd5 23. Qxd5 Be6 24. Qc6 Bxa2 25. Qxf6 gxf6 26. Ra1 Bc4 27.
Bf1 Bd5 28. Ra6 Bc7 29. Ra7 Bb8 30.
Ra6 Bc7 31. f5 Kg7 32. c4 Be4 33. g4 Re8 34. Bc1 Be5 35. Be3 Rb8 36. Ra2 Bc6 37. Bg2 Bxg2 38. Kxg2 b5 39. b3 bxc4 40. bxc4 Rb4 41. Rc2 Bd6 42.
h3 Rb3 43. Kf3 Bf8 44. Ke4 Ra3 45. Rg2 Rc3 46. Rg1 Rxc4+ 47. Kd5 Rc3 48. Rg3 Rc2 49. h4 Be7 50. g5 fxg5 51. hxg5 hxg5 52.
Bxg5 Bxg5 53. Rxg5+ Kf6 54. Rg1 Kxf5 55. Rf1 Kg6 56. Rg1+ Kf6 57. Rf1+ Ke7 58. Re1+ Kf8 59. Rf1 c4 60.
Kd4 Ke7 61. Re1+ Kf8 62. Rf1 Re2 63. Kxc4 Ke7 64. Kd3 Re5 65. Kd4 Ke6 66. Rh1 Rd5+ 67. Ke4 f5+ 68. Kf4 Rd4+ 69. Ke3 Ke5 70.
Rh5 Ra4 71. Kf3 Ra3+ 72. Kg2 Ke4 73. Rh1 Ra2+ 74. Kg3 f4+ 75. Kg4 Rg2 76. Kh3 f3 77. Ra1 Rd2 78. Kg3 f2 79. Rf1 Ke3 80.
Kh2 Kf3 81. Ra1 Re2 82. Ra3+ Re3 83. Ra1 Re1 84. Ra3+ Ke2 85.
Ra2+ Kf1 86. Kg3 Re3+ 87. Kh2 Rd3 88. Rb2 Ke1 89. Ra2 f1=Q 90. Ra1+ Rd1 91. Ra2 Rd2+ 92. Rxd2 Kxd2 93. Kg3 Ke3 94. Kh2 Qf3 95. Kg1 Qe2 96.
Kh1 Kf3 97. Kg1 Qg2# 0-1

[Event "ONJK DE"]
[Site "Enschede, Netherlands"]
[Date "2022.08.13"]
[Round "13.3"]
[White "Vogels, Mathijs"]
[Black "Frederiks, Jesse"]
[Result "1-0"]
[TimeControl "40min + 30sec/move"]
[WhiteElo "1283"]
[BlackElo "1302"]

1. e4 e6 2. d4 d5 3. e5 c5 4.
c3 Nc6 5. Nf3 Qb6 6. Be2 Nge7 7. Nbd2 Nf5 8. Nb3 Bd7 9. O-O cxd4 10. cxd4 Rc8 11. Be3 h6 12. Rc1 Be7 13. Ne1 O-O 14.
Nf3 Na5 15. Nxa5 Qxa5 16. Qb3 Bc6 17. Bd3 Nxe3 18. fxe3 Bb4 19. Rf2 Ba4 20. Bh7+ Kxh7 21. Qd3+ Kg8 22. Rff1 Bb5 23. Qd1 Rxc1 24.
Qxc1 Bxf1 25. Qxf1 Rc8 26. g4 Bd2 27. Qf2 Rc1+ 28. Kg2 Bb4 29. g5 Qc7 30. Kh3 h5 31. a3 Bf8 32. g6 f6 33.
Qh4 Bxa3 34. Qxh5 Rf1 35. Qh7+ Kf8 36. Qh8+ Ke7 37. Qxg7+ Kd8 38. Qxc7+ Kxc7 39. g7 Rxf3+ 40. Kg2 Rf5 41.
h4 fxe5 42. g8=Q Bd6 43. Qxe6 Rf8 44. dxe5 Bc5 45. Qxd5 Kb6 46. h5 Rh8 47. Qf7 Rh6 48. e6 a6 49. e7 Bxe7 50. Qxe7 Rxh5 51.
Qd8+ Ka7 52. Qd4+ Ka8 53. e4 1-0

[Event "ONJK DE"]
[Site "Enschede, Netherlands"]
[Date "2022.08.13"]
[Round "13.4"]
[White "Decraene, Lotus"]
[Black "Breider, Jayden"]
[Result "1/2-1/2"]
[TimeControl "40min + 30sec/move"]
[WhiteElo "1332"]
[BlackElo "1350"]

1. e4 c5 2. Nf3 d6 3. c3 Nf6 4.
Bd3 e5 5. Bc2 Bg4 6. h3 Bh5 7.
d3 Be7 8. Be3 Qb6 9. Bb3 Nc6 10. Nbd2 h6 11. Qc2 a5 12. O-O O-O 13. Nh4 Rad8 14. Nf5 Bg6 15. Nh4 Bh7 16. Nhf3 Nh5 17.
Qc1 Kh8 18. Qd1 1/2-1/2

[Event "ONJK DE"]
[Site "Enschede, Netherlands"]
[Date "2022.08.13"]
[Round "13.5"]
[White "Smeets, Bent"]
[Black "Rooijakkers, Liam"]
[Result "1/2-1/2"]
[TimeControl "40min + 30sec/move"]
[WhiteElo "909"]
[BlackElo "1266"]

1. d4 d6 2. e4 Nf6 3. Nc3 Nbd7 4. Nf3 e5 5. dxe5 dxe5 6. Bc4 h6 7. O-O c6 8. Be3 Qc7 9. Qd3 a5 10.
Rfe1 b5 11. Bxb5 cxb5 12. Nxb5 Qd8 13. a3 Ba6 14. Nd6+ Bxd6 15. Qxd6 Qb8 16. Bc5 Qxd6 17. Bxd6 Rc8 18. c3 Rc6 19.
Bxe5 Nxe5 20. Nxe5 Re6 21. f4 Bb7 22. Nc4 a4 23. e5 Bd5 24. Nd6+ Ke7 25. Nf5+ Kf8 26. exf6 Rxf6 27. Ne3 Be6 28.
Rad1 g6 29. Rd4 Bb3 30. Nc4 Kg7 31. Nd2 Rb8 32. Nxb3 Rxb3 33. Rxa4 Rxb2 34. Rc4 Rd6 35. Rd4 Rxd4 36. cxd4 Rd2 37.
Ra1 Rxd4 38. g3 Ra4 39. Kf2 Kf6 40. Kf3 g5 41. fxg5+ Kxg5 42. Ke3 Kg4 43. Kd3 Kh3 44. Ra2 h5 45.
Kc3 Ra8 46. a4 f5 47. Rf2 h4 48. Re2 1/2-1/2

[Event "ONJK DE"]
[Site "Enschede, Netherlands"]
[Date "2022.08.13"]
[Round "13.6"]
[White "Mendelsohn, Saffran (E)"]
[Black "Katpatal, Akshaj (E)"]
[Result "0-1"]
[TimeControl "40min + 30sec/move"]
[WhiteElo "824"]
[BlackElo "1874"]

1. e4 e5 2. Bc4 Nf6 3. Nc3 Bc5 4.
d3 d6 5.
Nf3 Nc6 6. h3 Be6 7. Bb3 O-O 8. O-O h6 9. Be3 Bb6 10. Re1 Re8 11. Qd2 Nd4 12. Bxd4 exd4 13. Ne2 c5 14. c4 dxc3 15.
bxc3 c4 16. Bxc4 Bxc4 17. dxc4 Bxf2+ 18. Kf1 Bxe1 19. Kxe1 Nxe4 20. Qd3 Ng3 21. Nfd4 Qh4 22. Kd1 Nxe2 23. Nxe2 Qf2 24. Rc1 Re3 25.
Qd2 Rae8 26. Rc2 Qxg2 27. Rb2 Rxe2 28. Qxe2 Rxe2 29. Rxe2 Qxe2+ 30. Kxe2 Kf8 31. Ke3 Ke7 32. Ke4 Ke6 33.
a4 g5 34. a5 f5+ 35. Kf3 Ke5 36. Ke3 f4+ 37. Kf3 h5 38. Kf2 Ke4 39. Ke2 f3+ 40. Kf2 Kf4 41. Kf1 Kg3 42. Kg1 f2+ 43. Kf1 Kf3 44. c5 g4 45. a6 g3 46. axb7 g2# 0-1